 Dungeon Crawl Stone Soup version 0.26-a0-540-g8a0c9464d7 (webtiles) character file.

Game seed: 13015638277866703797

(classic levelgen) 5081 EnegeticOcto the Cleaver (level 10, -19/81 HPs)
             Began as a Deep Dwarf Fighter on Aug 18, 2020.
             Was a Follower of Uskayaw.
             Demolished by an ettin
             ... wielding a +0 dire flail of protection
              (35 damage)
             ... on level 1 of the Orcish Mines.
             The game lasted 00:06:44 (1324 turns).

EnegeticOcto the Cleaver (Deep Dwarf Fighter)       Turns: 1324, Time: 00:06:45

Health: -19/81     AC: 12    Str: 24    XL:     10   Next: 31%
Magic:  7/7        EV:  8    Int:  8    God:    Uskayaw [*.....]
Gold:   239        SH: 10    Dex: 12    Spells: 9/9 levels left

rFire    + . .     SeeInvis .   a - +0 war axe
rCold    x . .     Faith    .   c - +1 kite shield
rNeg     . . .     Spirit   .   n - +0 plate armour
rPois    .         Reflect  .   (no helmet)
rElec    .         Harm     .   m - +0 cloak
rCorr    .                      (no gloves)
MR       +....                  (no boots)
Stlth    ..........             (no amulet)
HPRegen  0.00/turn              i - ring of fire
MPRegen  0.10/turn              t - +4 ring of evasion

@: non-regenerating
A: damage resistance, heal wounds, sense surroundings 2, no regeneration
a: Heal Wounds, Stomp, Renounce Religion


You were on level 1 of the Orcish Mines.
You worshipped Uskayaw.
Uskayaw was aware of your devotion.
You visited 2 branches of the dungeon, and saw 11 of its levels.

You collected 239 gold pieces.

Inventory:

Hand Weapons
 a - a +0 war axe (weapon)
 o - a +2 trident of flaming
Missiles
 u - 2 throwing nets (quivered)
Armour
 b - a +0 scale mail
 c - a +1 kite shield (worn)
 f - a +0 chain mail
 j - the +2 ring mail "Xixiku" {Dex+2}
   (You found it on level 9 of the Dungeon)

   It affects your dexterity (+2).
 l - a +0 chain mail of cold resistance
 m - a +0 cloak (worn)
 n - a +0 plate armour (worn)
Jewellery
 i - a ring of fire (left hand)
 s - an uncursed ring of protection from magic
 t - a +4 ring of evasion (right hand)
Wands
 p - a wand of iceblast (9)
Scrolls
 e - a scroll of teleportation {@r3}
 k - a scroll of fear
Potions
 d - a potion of might {@q3}
 g - 3 potions of flight
 h - a potion of stabbing {unknown}
 q - a potion of heal wounds {@q2}
 r - 2 potions of lignification {@q7}
 v - a potion of curing {unknown}


   Skills:
 - Level 2.6 Fighting
 * Level 14.0 Axes
 - Level 3.2 Armour
 - Level 3.2 Shields
 + Level 10.0 Invocations


You had 9 spell levels left.
You didn't know any spells.
Your spell library was empty.

Dungeon Overview and Level Annotations

Branches:
Dungeon (10/15)              Lair (0/6) D:8             Orc (1/2) D:9
 Temple: D:4-7

Altars:
Cheibriados
Elyvilon
Gozag
Trog
Uskayaw


Innate Abilities, Weirdness & Mutations

You are resistant to damage.
You can heal yourself by infusing magical energy.
You passively map the area around you.
You do not regenerate.


Message History

Things that are here:
a +0 trident; a +0 chain mail; an orc corpse Your magical essence is drained by the effort!
You feel much better. You block the gnoll sergeant's attack.
The big kobold hits you. The orc hits you with a +0 trident.
You hit the big kobold.
The big kobold is heavily wounded.
You hit the orc.
The gnoll sergeant hits you but does no damage.
The big kobold hits you but does no damage.
You block the orc's attack.
You completely miss the big kobold.
The big kobold is heavily wounded.
You slash the orc!
You kill the orc!
You block the gnoll sergeant's attack. You block the big kobold's attack.
You closely miss the big kobold.
The big kobold is heavily wounded.
The gnoll sergeant hits you from afar with a +0 spear.
You block the big kobold's attack.
You closely miss the big kobold.
The big kobold is heavily wounded.
The gnoll sergeant hits you but does no damage.
The big kobold hits you but does no damage.
You closely miss the big kobold.
The big kobold is heavily wounded.
You block the gnoll sergeant's attack. The big kobold hits you.
You closely miss the big kobold.
The big kobold is heavily wounded.
The gnoll sergeant hits you but does no damage.
The big kobold barely misses you.
You hit the big kobold.
The big kobold is severely wounded.
You barely miss the big kobold.
The big kobold is severely wounded.
The gnoll sergeant hits you but does no damage.
The big kobold barely misses you.
You hit the big kobold.
The big kobold is almost dead.
You block the gnoll sergeant's attack. The big kobold completely misses you.
You closely miss the big kobold.
The big kobold is almost dead.
The gnoll sergeant hits you but does no damage.
The big kobold hits you but does no damage.
You barely miss the big kobold.
The big kobold is almost dead.
You block the gnoll sergeant's attack.
The big kobold hits you but does no damage.
You slash the big kobold!
You kill the big kobold!
You block the gnoll sergeant's attack.
The gnoll sergeant hits you but does no damage.
Things that are here:
4 stones; a +0 hand axe; a big kobold corpse You block the gnoll sergeant's attack.
There is an open door, spattered with blood here.
Items here: (( ))))))) [[[ †††††††.
You slash the gnoll sergeant!
You kill the gnoll sergeant!
Your Axes skill increases to level 14!
Your Invocations skill increases to level 10!
Items here: ( ))) [[ ††.
There is an open door, spattered with blood here.
Items here: (( ))))))) [[[ †††††††.
Things that are here:
a +0 trident; a +0 chain mail; an orc corpse
Items here: )) [ †.
u - 2 throwing nets (gained 1)
You can no longer merge with and destroy a victim.
Things that are here:
a +2 trident of flaming; a +0 ring mail
o - a +2 trident of flaming
Items here: )) [ †.
There is a staircase to the Orcish Mines here.
You climb downwards.
Welcome to the Orcish Mines!
You can no longer pass through a line of other dancers.
Found 68 gold pieces.
Found a stone staircase leading down.
There is a staircase back to the Dungeon here.
Found 32 gold pieces.
You now have 176 gold pieces (gained 18).
Found 16 gold pieces.
You now have 210 gold pieces (gained 34).
Found 14 gold pieces.
You now have 223 gold pieces (gained 13).
You now have 239 gold pieces (gained 16).
An ettin comes into view.
It is wielding a +0 dire flail of protection and a +0 dire flail.
Found 16 gold pieces.
You slash the ettin!
The ettin is lightly wounded.
You block the ettin's attack. x2
You slash the ettin!
The ettin is moderately wounded.
The ettin hits you with a +0 dire flail of protection!!
You block the ettin's attack.
You hit the ettin but do no damage.
The ettin is moderately wounded.
The ettin hits you with a +0 dire flail of protection!!
* * * LOW HITPOINT WARNING * * *
The ettin hits you with a +0 dire flail!!!
You die...

* , * .# * , , ,
####.##### *,,, *
#.....#..## *, ,,,
##.......^.#***, *
#..$.......# *
...$....# , #.* ,
#.C...## * * ..#,
#.@...## ** * *,**
.... * ##.....###.*
....## ###.........
*
..$...##......####.
* ............##.##
* **
#.....>........# ,
##.........##.## ,*
,, ##.......#.### ,
##.....#...###*


You could see an ettin.

Vanquished Creatures
  Erolcha (D:9)
  2 two-headed ogres (D:10)
  Psyche (D:9)
  A troll (D:9)
  A wyvern (D:10)
  A water moccasin (D:10)
  An orc warrior (D:9)
  A sky beast (D:6)
  2 ice beasts
  2 ogres (D:9)
  A centaur (D:10)
  A crocodile (D:4)
  3 big kobolds (D:9)
  5 gnoll sergeants
  4 bullfrogs
  A scorpion (D:8)
  5 wights (D:10)
  4 howler monkeys
  2 jellies (D:6)
  An orc priest (D:8)
  An orc wizard (D:8)
  Crazy Yiuf (D:2)
  A gnoll shaman (D:8)
  2 iguanas (D:7)
  A hound skeleton (D:5)
  13 gnolls
  5 adders
  2 shadow imps
  A white imp (D:8)
  An adder skeleton (D:6)
  A worm (D:3)
  A dart slug (D:3)
  9 orcs
  3 goblins
  2 hobgoblins (D:3)
  5 jackals
  3 quokkas
  A ball python (D:8)
  6 bats
  2 frilled lizards (D:2)
  2 kobolds (D:3)
  A quokka skeleton (D:5)
  4 rats
108 creatures vanquished.

Vanquished Creatures (others)
  A bat (D:3)
1 creature vanquished.

Grand Total: 109 creatures vanquished

Notes
Turn   | Place    | Note
-------+----------+-------------------------------------------
     0 | D:1      | EnegeticOcto the Deep Dwarf Fighter began the quest for the
                  | Orb.
     0 | D:1      | Reached XP level 1. HP: 20/20 MP: 1/1
     3 | D:1      | Noticed an electric eel
     3 | D:1      | Noticed an electric eel
   143 | D:1      | Reached skill level 3 in Axes
   143 | D:1      | Reached XP level 2. HP: 25/27 MP: 2/2
   232 | D:2      | Found a runed translucent door.
   233 | D:2      | Noticed Crazy Yiuf
   242 | D:2      | Killed Crazy Yiuf
   242 | D:2      | Reached skill level 4 in Axes
   242 | D:2      | Reached XP level 3. HP: 16/33 MP: 3/3
   315 | D:3      | Reached XP level 4. HP: 37/40 MP: 4/4
   319 | D:3      | Reached skill level 5 in Axes
   368 | D:4      | Noticed a crocodile
   385 | D:4      | Killed a crocodile
   385 | D:4      | Reached XP level 5. HP: 19/46 MP: 5/5
   397 | D:4      | Reached skill level 6 in Axes
   423 | D:5      | Entered Level 5 of the Dungeon
   423 | D:5      | Found an opulent altar of Gozag.
   424 | D:5      | Found a snail-covered altar of Cheibriados.
   424 | D:5      | Found a bloodstained altar of Trog.
   438 | D:6      | Noticed a sky beast
   482 | D:6      | Killed a sky beast
   482 | D:6      | Reached skill level 7 in Axes
   482 | D:6      | Reached XP level 6. HP: 46/55 MP: 5/5
   487 | D:7      | Noticed an ice beast
   519 | D:7      | Killed an ice beast
   519 | D:7      | Reached skill level 8 in Axes
   536 | D:7      | Reached XP level 7. HP: 39/61 MP: 5/5
   537 | D:7      | Found a white marble altar of Elyvilon.
   537 | D:7      | Found a hide-covered altar of Uskayaw.
   544 | D:7      | Became a worshipper of Uskayaw the Reveler
   569 | D:7      | Reached * piety under Uskayaw
   597 | D:6      | Reached ** piety under Uskayaw
   601 | D:6      | Reached *** piety under Uskayaw
   602 | D:6      | Reached skill level 1 in Invocations
   714 | D:8      | Reached skill level 9 in Axes
   717 | D:9      | Noticed Erolcha
   726 | D:9      | Reached **** piety under Uskayaw
   747 | D:9      | Killed Erolcha
   747 | D:9      | Reached skill level 10 in Axes
   747 | D:9      | Reached skill level 5 in Invocations
   747 | D:9      | Reached XP level 8. HP: 44/68 MP: 4/7
   761 | D:9      | Noticed Psyche
   771 | D:9      | Killed Psyche
   771 | D:9      | Reached skill level 11 in Axes
   873 | D:8      | Gained mutation: You passively map the area around you.
                  | [Deep Dwarf growth]
   873 | D:8      | Reached XP level 9. HP: 50/74 MP: 9/9
   945 | D:8      | Found a staircase to the Lair.
  1003 | D:10     | Entered Level 10 of the Dungeon
  1003 | D:10     | Noticed a two-headed ogre
  1017 | D:10     | Killed a two-headed ogre
  1017 | D:10     | Reached skill level 12 in Axes
  1034 | D:10     | Noticed a two-headed ogre
  1049 | D:10     | Reached ***** piety under Uskayaw
  1058 | D:10     | Killed a two-headed ogre
  1058 | D:10     | Reached skill level 13 in Axes
  1066 | D:10     | Reached ****** piety under Uskayaw
  1070 | D:10     | Reached XP level 10. HP: 49/81 MP: 10/10
  1184 | D:9      | Got a black opal-studded ring mail
  1195 | D:9      | Identified the +2 ring mail "Xixiku" {Dex+2} (You found it
                  | on level 9 of the Dungeon)
  1205 | D:9      | Found a staircase to the Orcish Mines.
  1260 | D:9      | HP: 4/81 [orc warrior/+0 trident (6)]
  1282 | D:9      | Reached skill level 14 in Axes
  1282 | D:9      | Reached skill level 10 in Invocations
  1297 | Orc:1    | Entered Level 1 of the Orcish Mines
  1318 | Orc:1    | Noticed an ettin
  1324 | Orc:1    | Demolished by an ettin

Illustrated notes

Levels and vault maps discovered:
D:1:      arrival_aquarium_b, layout_loops_ring, minmay_tromino_i2
D:2:      layout_rooms, minmay_misc_feat_tiny, uniq_crazy_yiuf_cottage
D:3:      layout_basic, chequers_ecumenical_altar_grove
D:4:      layout_layer_cave
D:5:      layout_basic, nicolae_ru_awakened_eye, grunt_temple_overflow_open,
          tgw_xom, uniq_eustachio
D:6:      minmay_evil_eye, layout_basic, kennysheep_mini_moat,
          nicolae_tso_besieged_by_evil
D:7:      layout_layer_cave, chequers_temple_overflow_statue_of_worship,
          minmay_temple_entry_enclosed_plants
D:8:      layout_basic, grunt_temple_overflow_champion_of_chaos,
          lair_entry_dummy
D:9:      layout_roguey, kennysheep_orc_monster_closet_entryway, uniq_erolcha,
          uniq_psyche
D:10:     layout_roguey
Orc:1:    layout_diamond_mine, serial_shops, shop, uniq_maurice, uniq_harold,
          uniq_nergalle

Skill      XL: |  1  2  3  4  5  6  7  8  9 10 |
---------------+-------------------------------+-----
Axes           | 3 4 5 7 8 10 11 13 14 | 14.0
Invocations    | 5 6 9 10 | 10.0
Fighting       | |  2.6
Armour         | |  3.2
Shields        | |  3.2

Action                   |  1- 3 |  4- 6 |  7- 9 | 10-12 || total
-------------------------+-------+-------+-------+-------++-------
Melee: War axe           |    66 |    74 |   172 |    86 ||   398
Invok: Stomp             |       |       |       |     2 ||     2
 Abil: Heal Wounds       |     1 |     6 |    11 |    10 ||    28
  Use: Scroll            |       |       |     8 |       ||     8
 Stab: Paralysed         |       |       |    13 |    10 ||    23
Armor: Chain mail        |    46 |    76 |    32 |     6 ||   160
       Plate armour      |       |       |       |    46 ||    46
Dodge: Dodged            |    20 |    15 |    52 |    39 ||   126
Block: Kite shield       |    47 |    51 |    86 |    84 ||   268

Table legend: (Time is in decaauts)
 A = Elapsed time spent in this place.
 B = Non-inter-level travel time spent in this place.
 C = Inter-level travel time spent in this place.
 D = Time resting spent in this place.
 E = Time spent auto-exploring this place.
 F = Levels seen in this place.
 G = Mean time per level.
                   A        B        C        D        E       F      G
               +--------+--------+--------+--------+--------+-----+--------+
         Total |   1373 |   1371 |      2 |      0 |      0 |  11 |  124.8 |
       Dungeon |   1346 |   1344 |      2 |      0 |      0 |  10 |  134.6 |
  Orcish Mines |     26 |     26 |      0 |      0 |      0 |   1 |   26.0 |
               +--------+--------+--------+--------+--------+-----+--------+

Top non-repeatable levels by time:
     D:9: 258 daAuts
     D:8: 233 daAuts
     D:1: 194 daAuts
    D:10: 144 daAuts
     D:7: 128 daAuts
     D:6: 108 daAuts
     D:2: 104 daAuts
     D:3: 100 daAuts
     D:4: 59 daAuts
   Orc:1: 26 daAuts
     D:5: 14 daAuts
